AoeStats
← 297539664

MegaRandom

509621012Analyzed
4v4 RM · 5d ago on Sep 27, 2026· 60m 34s· 8 players
Game mode
Random Map
Map size
Large (8 player)
Population
200
Speed
Normal
Resources
Standard
Victory
Conquest
Starting age
Dark Age
Ending age
Imperial Age
RankedLock teamsTeams togetherTeam positionsShared explorationLock speedFull tech treeHidden civsTurbo modeCheats
Victory
Defeat
🇩🇪 Persians · Germany
1381
+17
1375
+17
🇨🇭 Varangians · Switzerland
1373
+17
🇫🇷 Ethiopians · France
1347
+18
🇦🇺 Ethiopians · Australia
1413
-18
🇻🇳 Spanish · Vietnam
1403
-18
🇨🇳 Ethiopians · China
1389
-17
🇭🇰 Varangians · Hong Kong SAR China
1365
-16
twitch.tv/TheSeniorSmurf
2:57 Loom
10:43 Feudal Age
14:43 Castle Age
15:08 Forging
15:04 Light Cavalry
23:59 Double-Bit Axe
26:31 Sanctity
26:23 Fervor
27:28 Wheelbarrow
29:15 Husbandry
29:55 Scale Barding Armor
30:26 Iron Casting
31:52 Chain Barding Armor
34:57 Hand Cart
35:22 Bow Saw
35:16 Gold Mining
35:17 Stone Mining
44:12 Imperial Age
45:14 Town Watch
46:12 Gold Shaft Mining
46:22 Plate Barding Armor
45:21 Cavalier
47:50 Paladin
50:11 Blast Furnace
50:39 Conscription
50:21 Chivalry
50:57 Hoardings
55:16 Scale Mail Armor
55:20 Squires
55:05 Gambesons
55:06 Arson
55:23 Fletching
56:14 Chain Mail Armor
55:23 Elite Throwing Axeman
60:34 Plate Mail Armor
60:44 Town Patrol
Stop_Force-Pick_Civ_Pls
2:28 Loom
10:03 Feudal Age
13:30 Castle Age
11:47 Double-Bit Axe
12:58 Scale Barding Armor
12:51 Horse Collar
19:05 Bloodlines
25:40 Husbandry
25:53 Gold Mining
26:57 Fletching
28:16 Chain Barding Armor
29:21 Wheelbarrow
31:22 Forging
33:06 Iron Casting
33:44 Gold Shaft Mining
35:27 Hand Cart
35:24 Bow Saw
35:15 Heavy Plow
38:13 Imperial Age
37:19 Bodkin Arrow
38:16 Stone Mining
38:46 Cavalier
40:15 Plate Barding Armor
40:34 Stone Shaft Mining
42:02 Blast Furnace
42:00 Ballistics
41:21 Savar
43:01 Murder Holes
44:40 Chemistry
44:17 Savar
57:49 Light Cavalry
58:58 Caravan
ip_lucas
4:17 Loom
12:27 Feudal Age
13:53 Double-Bit Axe
16:49 Castle Age
14:31 Horse Collar
17:50 Bow Saw
17:40 Heavy Plow
23:46 Wheelbarrow
22:57 Town Watch
23:42 Ballistics
28:17 Hand Cart
33:14 Imperial Age
33:37 Gold Mining
33:17 Heavy Scorpion
34:59 Chemistry
35:45 Two-Man Saw
35:22 Gold Shaft Mining
36:01 Stone Mining
43:25 Torsion Engines
43:45 Conscription
43:32 Siege Engineers
43:22 Murder Holes
43:38 Fortified Wall
45:49 Halberdier
46:15 Arson
46:41 Forging
46:31 Scale Mail Armor
48:36 Iron Casting
48:04 Squires
48:20 Chain Mail Armor
52:17 Blast Furnace
51:48 Plate Mail Armor
55:15 Fletching
58:56 Conscription
60:53 Bodkin Arrow
60:58 Padded Archer Armor
61:04 Scale Barding Armor
61:11 Masonry
lorddoc
2:24 Loom
11:52 Feudal Age
12:55 Double-Bit Axe
15:36 Castle Age
14:43 Bloodlines
16:24 Husbandry
16:35 Scale Barding Armor
16:40 Forging
22:08 Wheelbarrow
22:02 Horse Collar
23:05 Chain Barding Armor
28:54 Iron Casting
32:31 Imperial Age
31:28 Fletching
32:01 Ballistics
32:21 Hand Cart
33:47 Plate Barding Armor
34:13 Blast Furnace
32:48 Cavalier
34:40 Vendel Legacy
35:46 Conscription
42:39 Bodkin Arrow
44:34 Chemistry
43:55 Bracer
53:26 Elite Jarl
54:26 Padded Archer Armor
54:31 Gold Mining
54:31 Stone Mining
55:21 Caravan
297539664
6:19 Loom
12:12 Feudal Age
15:55 Castle Age
14:46 Fletching
14:56 Padded Archer Armor
15:11 Double-Bit Axe
15:10 Horse Collar
16:12 Crossbowman
17:26 Bow Saw
18:27 Heavy Plow
26:23 Wheelbarrow
26:48 Thumb Ring
31:06 Imperial Age
29:33 Heated Shot
30:04 Ballistics
30:25 Leather Archer Armor
30:27 Hand Cart
30:42 Bodkin Arrow
31:09 Arbalester
31:53 Bracer
34:49 Chemistry
35:35 Ring Archer Armor
46:04 Squires
45:49 Arson
46:33 Halberdier
48:45 Scale Mail Armor
48:55 Forging
49:51 Chain Mail Armor
53:02 Plate Mail Armor
60:05 Iron Casting
六百公斤大肥豬
2:31 Loom
10:11 Feudal Age
13:57 Castle Age
12:28 Double-Bit Axe
15:28 Bow Saw
16:09 Horse Collar
26:05 Fletching
27:28 Fortified Wall
29:22 Ballistics
29:18 Bodkin Arrow
30:33 Stone Mining
31:52 Gold Mining
32:09 Murder Holes
33:53 Treadmill Crane
39:11 Imperial Age
37:17 Wheelbarrow
37:03 Masonry
37:36 Squires
37:22 Arson
38:30 Scale Mail Armor
38:41 Forging
39:32 Chain Mail Armor
39:20 Gambesons
39:11 Gothikon
41:39 Plate Mail Armor
45:51 Hand Cart
47:23 Scale Barding Armor
47:54 Iron Casting
48:24 Chain Barding Armor
47:34 Light Cavalry
48:25 Bloodlines
48:16 Husbandry
49:39 Plate Barding Armor
49:08 Hussar
50:59 Blast Furnace
57:18 Heavy Plow
58:32 Town Watch
58:23 Capped Ram
Tiểu Long Nữ
3:54 Loom
9:00 Feudal Age
16:21 Castle Age
14:48 Double-Bit Axe
15:15 Gold Mining
15:32 Horse Collar
17:10 Heavy Plow
20:37 Husbandry
37:05 Imperial Age
35:13 Stone Mining
36:10 Wheelbarrow
36:04 Padded Archer Armor
36:18 Bloodlines
38:17 Leather Archer Armor
38:24 Conscription
38:23 Elite Conquistador
39:40 Ballistics
41:06 Ring Archer Armor
Cambo
2:40 Loom
11:36 Feudal Age
12:21 Double-Bit Axe
15:25 Castle Age
13:31 Gold Mining
13:27 Horse Collar
22:47 Forging
22:38 Scale Mail Armor
23:11 Scale Mail Armor
25:14 Wheelbarrow
25:52 Chain Mail Armor
26:12 Iron Casting
27:19 Gold Shaft Mining
27:16 Bow Saw
33:03 Imperial Age
30:51 Hand Cart
31:08 Fletching
31:21 Heavy Plow
33:13 Halberdier
35:00 Blast Furnace
34:30 Plate Mail Armor
35:03 Two-Man Saw
34:59 Conscription
35:19 Bodkin Arrow
35:57 Town Watch
38:14 Chemistry
38:01 Siege Engineers
47:10 Squires
46:55 Arson
Connection lost

Rejoining the realm…

Still unreachable

The connection could not be restored.

Session expired

The server has moved on; the page needs a fresh start.